Cogmind - Beta 12 @@@ ROGUE MODE // 2023.06.09 @ 12:14:03 Player: Mr Goldstein Result: Destroyed by G-47 Trooper with Particle Gun Performance ------------- Evolutions (2) 1000 Regions Visited (5) 1000 Robots Destroyed (33) 165 Value Destroyed (496) 496 Prototype IDs (3) 60 Alien Tech Used (0) 0 Bonus (488) 488 TOTAL SCORE: 3209 Bonus ------- Pacifist 200 High Alert Combat Kills 88 Entered Garrisons 200 Cogmind --------- Core Integrity 0/550 Matter 24/300 Energy 100/100 System Corruption 2% Temperature Cool (9) Movement Core (50) Location -8/Garrison Parts ------- > --- POWER (1) -------- (None) > --- PROPULSION (4) --- (None) > --- UTILITY (4) ------ Visual Processing Unit Improved Signal Interpreter System Shield > --- WEAPON (2) ------- (None) > --- INVENTORY (5) ---- Flight Unit Cesium-ion Thruster Remote Datajack Peak State ------------ > --- POWER ------------ Nuclear Core > --- PROPULSION ------- Flight Unit Flight Unit Improved Flight Unit Field Propulsion Drive > --- UTILITY ---------- Visual Processing Unit Improved Signal Interpreter System Shield > --- WEAPON ----------- Variable Charge Gun > --- INVENTORY -------- Flight Unit Cesium-ion Thruster Rocket Launcher Remote Datajack [Rating: 29] Favorites ----------- Power Nuclear Core Power Core Nuclear Core Propulsion Improved Flight Unit Hover Unit Aerolev Unit Flight Unit Improved Flight Unit Utility System Shield Device Decoy Drone Bay Processor Visual Processing Unit Hackware System Shield Protection Light Armor Plating Weapon Grenade Launcher Energy Gun Variable Charge Gun Launcher Grenade Launcher Build | -11 -10 -10 -9 -8 -8 ------- Run | Jun Mat Min Mat Mat Gar Slots Evolved 4 | . . . 2 2 . Power . | . . . . . . Propulsion 2 | . . . 1 1 . Utility 2 | . . . 1 1 . Weapon . | . . . . . . Parts Attached 27 | . . 2 2 13 10 Power 1 | . . . . 1 . Engine . | . . . . . . Core 1 | . . . . 1 . Reactor . | . . . . . . Propulsion 12 | . . . . 7 5 Treads . | . . . . . . Leg . | . . . . . . Wheel . | . . . . . . Hover 1 | . . . . 1 . Flight 11 | . . . . 6 5 Utility 5 | . . 2 . 3 . Device 1 | . . 1 . . . Storage . | . . . . . . Processor 2 | . . . . 2 . Hackware 1 | . . . . 1 . Protection 1 | . . 1 . . . Artifact . | . . . . . . Weapon 9 | . . . 2 2 5 Energy Gun 1 | . . . . . 1 Energy Cannon . | . . . . . . Ballistic Gun . | . . . . . . Ballistic Cannon . | . . . . . . Launcher 8 | . . . 2 2 4 Special Weapon . | . . . . . . Impact Weapon . | . . . . . . Slashing Weapon . | . . . . . . Piercing Weapon . | . . . . . . Special Melee Weapon . | . . . . . . Unidentified Prototypes 3 | . . 1 . 2 . Parts Lost 14 | . . 1 . 2 11 Power 1 | . . . . . 1 Propulsion 9 | . . . . 1 8 Utility 1 | . . 1 . . . Weapon 3 | . . . . 1 2 Highest Loss Streak 6 | . . 1 . 2 6 To Critical Strikes . | . . . . . . Average Slot Usage (%) 37 | . . 3 1 46 63 Core 3 | . . . . 1 7 Hover 2 | . . . . 6 2 Flight 14 | . . . . 18 23 Processor 10 | . . . . 12 18 Hackware 5 | . . . . 7 9 Launcher 1 | . . . 1 . 3 Naked Turns 249 | . 43 121 69 16 . Heaviest Build 11 | . . 3 . 7 11 Greatest Support 20 | 3 3 3 3 15 20 Greatest Overweight (x) . | . . . . . . Average Overweight (x) . | . . . . . . Largest Inventory Capacity 5 | 5 5 5 5 5 5 Average Capacity 5 | 5 5 5 5 5 5 Most Carried 5 | . 1 2 3 5 4 Average Carried 2 | . . 1 1 3 3 Final Capacity 5 | 5 5 5 5 5 5 Final Carried 4 | . 1 2 3 4 3 Class Distribution -------------------- 68% | Mutant 31% | Sprinter Dominant Class ---------------- Mutant | -10/Materials Mutant | -10/Mines Mutant | -9/Materials Mutant | -8/Materials Sprinter | -8/Garrison Resources | -11 -10 -10 -9 -8 -8 ----------- Run | Jun Mat Min Mat Mat Gar Matter Collected 418 | 200 . 16 . 56 146 Remotely . | . . . . . . Salvage Created 341 | . . . 106 29 206 Parts 51 | . . . 22 4 25 Haulers Intercepted . | . . . . . . Recyclers Shooed . | . . . . . . Parts Field Recycled . | . . . . . . Retrieved Matter . | . . . . . . Parts Self-Destructed . | . . . . . . Prevented . | . . . . . . Kills | -11 -10 -10 -9 -8 -8 ------- Run | Jun Mat Min Mat Mat Gar Combat Hostiles Destroyed 28 | . . . 9 4 15 AOE 28 | . . . 9 4 15 Classes Destroyed 7 | . . . 5 . 2 Worker 1 | . . . 1 . . Builder 3 | . . . 3 . . Watcher 1 | . . . 1 . . Swarmer 23 | . . . 8 4 11 Grunt 1 | . . . 1 . . Sentry 3 | . . . . . 3 Hunter 1 | . . . . . 1 Best Kill Streak 8 | . . . 8 4 6 Combat Bots Only 6 | . . . 5 4 6 Max Kills in Single Turn 4 | . . . 4 3 3 Gunslinging . | . . . . . . Exploded 3 | . . . 3 3 3 Melee . | . . . . . . Uniques/NPCs Destroyed . | . . . . . . Combat | -11 -10 -10 -9 -8 -8 -------- Run | Jun Mat Min Mat Mat Gar Damage Taken 1582 | . 38 251 237 450 606 Core 955 | . 38 171 185 280 281 Absorbed by Shields 37 | . . . . . 37 Core Remaining (%) 56 | 100 . 16 53 . . Volleys Fired 28 | . . . 8 2 18 Largest 1 | . . . 1 1 1 Hottest 33 | . . . 30 30 33 Shots Fired 28 | . . . 8 2 18 Gun . | . . . . . . Cannon . | . . . . . . Launcher 28 | . . . 8 2 18 Special . | . . . . . . Kinetic . | . . . . . . Thermal . | . . . . . . Explosive 28 | . . . 8 2 18 Electromagnetic . | . . . . . . Robot Hit Streak 2 | . . . 1 . 2 Robot Miss Streak 2 | . . . 1 . 2 Penetration Max . | . . . . . . Secondary Targets . | . . . . . . Shots Hit Robots 4 | . . . 2 . 2 Core Hits 42 | . . . 15 4 23 Critical Kills . | . . . . . . Critical Parts Destroyed . | . . . . . . Critical Strikes . | . . . . . . Melee Attacks . | . . . . . . Impact . | . . . . . . Slashing . | . . . . . . Piercing . | . . . . . . Sneak Attacks . | . . . . . . Combat Hostiles . | . . . . . . Follow-up Attacks . | . . . . . . Damage Inflicted 1709 | . . 13 729 160 807 Guns . | . . . . . . Cannons . | . . . . . . Explosions 1696 | . . . 729 160 807 Melee . | . . . . . . Ramming 13 | . . 13 . . . Kinetic . | . . . . . . Thermal . | . . . . . . Explosive 1696 | . . . 729 160 807 Electromagnetic . | . . . . . . Impact . | . . . . . . Slashing . | . . . . . . Piercing . | . . . . . . Highest Corruption 2 | . . . . . 2 Average Corruption 1 | . . . . . 1 Corruption Purged . | . . . . . . Corruption Blocked . | . . . . . . Effects 1 | . . . . . 1 Message Errors 1 | . . . . . 1 Overload Shots . | . . . . . . Overflow Damage 51 | . . . 20 . 31 Projectiles . | . . . . . . Explosions 51 | . . . 20 . 31 Melee . | . . . . . . Knockbacks . | . . . . . . Impact . | . . . . . . Kinetic . | . . . . . . Secondary . | . . . . . . Self-Inflicted Damage 107 | . . 6 2 3 96 Shots 7 | . . . 1 1 5 Rammed 4 | . . 4 . . . Targets Rammed 4 | . . 4 . . . Kicked . | . . . . . . Crushed . | . . . . . . Highest Temperature 6 | . . . 2 6 4 Average Temperature 2 | . . . 2 4 2 Received Heat Transfer 207 | . . 9 24 108 66 Siege Activations . | . . . . . . Robots Corrupted . | . . . . . . Combat Hostiles . | . . . . . . Parts Fried . | . . . . . . Impact Corruptions . | . . . . . . Robots Melted . | . . . . . . Combat Hostiles . | . . . . . . Parts Melted . | . . . . . . Heat Transferred . | . . . . . . Parts Sabotaged . | . . . . . . Parts Stolen . | . . . . . . Parts Stripped . | . . . . . . Power Chain Reactions . | . . . . . . Missiles Intercepted . | . . . . . . Alert | -11 -10 -10 -9 -8 -8 ------- Run | Jun Mat Min Mat Mat Gar Peak Influence 845 | . 30 106 384 567 845 Initial 390 | . . 11 40 161 390 Average 369 | . 5 37 243 340 626 Maximum Alert Level 3 | . . . 1 2 3 Low Security (%) 32 | 100 100 100 21 20 . Level 1 20 | . . . 78 43 7 Level 2 28 | . . . . 36 49 Level 3 18 | . . . . . 42 Level 4 . | . . . . . . Level 5 . | . . . . . . High Security . | . . . . . . Max Security . | . . . . . . Squads Dispatched 6 | . . . 2 4 . Investigation 1 | . . . . 1 . Extermination . | . . . . . . Reinforcement 5 | . . . 2 3 . Assault . | . . . . . . Garrison . | . . . . . . Intercept . | . . . . . . Searches Triggered . | . . . . . . Construction Impeded 1 | . . . 1 . . Haulers Reinforced . | . . . . . . Active Scanning Responses . | . . . . . . Cargo Convoy Interrupts . | . . . . . . Stealth | -11 -10 -10 -9 -8 -8 --------- Run | Jun Mat Min Mat Mat Gar Distress Signals 3 | . . . 1 2 . Communications Jammed . | . . . . . . Distress Signals . | . . . . . . Times Spotted 81 | . 5 12 17 27 20 Peak Tracking Total 17 | . 6 7 7 17 6 Tactical Retreats 9 | . . 4 1 3 1 Traps | -11 -10 -10 -9 -8 -8 ------- Run | Jun Mat Min Mat Mat Gar Traps Triggered 5 | . . . . . 5 Indirectly . | . . . . . . Trap Hack Attempts . | . . . . . . Triggered . | . . . . . . Disarmed . | . . . . . . Reprogrammed . | . . . . . . Reused . | . . . . . . Traps Extracted . | . . . . . . Installed . | . . . . . . Triggered . | . . . . . . Machines | -11 -10 -10 -9 -8 -8 ---------- Run | Jun Mat Min Mat Mat Gar Machines Disabled 1 | . . . 1 . . Max in Single Turn 1 | . . . 1 . . Machines Repaired . | . . . . . . Machines Sabotaged . | . . . . . . Overloaded Fab Kills . | . . . . . . Hacking | -11 -10 -10 -9 -8 -8 --------- Run | Jun Mat Min Mat Mat Gar Machines Accessed 5 | . . 1 . 2 2 Terminals 2 | . . . . . 2 Fabricators . | . . . . . . Repair Stations . | . . . . . . Recycling Units 1 | . . . . 1 . Scanalyzers . | . . . . . . Garrison Access 1 | . . . . 1 . Total Hacks 10 | . . 1 . 3 6 Successful 4 | . . 1 . 2 1 Failed 6 | . . . . 1 5 Catastrophic . | . . . . . . Database Lockouts . | . . . . . . Manual 1 | . . . . 1 . Terminals 6 | . . . . . 6 Fabricators . | . . . . . . Repair Stations . | . . . . . . Recycling Units 1 | . . . . 1 . Scanalyzers . | . . . . . . Garrison Access 2 | . . . . 2 . Terminal Hacks 2 | . . 1 . . 1 Open Door 1 | . . 1 . . . Security Stations 1 | . . . . . 1 Fabricator Hacks . | . . . . . . Repair Station Hacks . | . . . . . . Recycling Unit Hacks . | . . . . . . Scanalyzer . | . . . . . . Garrison Access Hacks 1 | . . . . 1 . Unlock Access 1 | . . . . 1 . Unauthorized Hacks 1 | . . . . 1 . Terminals . | . . . . . . Fabricators . | . . . . . . Repair Stations . | . . . . . . Recycling Units 1 | . . . . 1 . Tunnel 1 | . . . . 1 . Scanalyzers . | . . . . . . Garrison Access . | . . . . . . Data Cores Recovered . | . . . . . . Used . | . . . . . . Hacking Detections 2 | . . . . . 2 Full Trace Events . | . . . . . . Feedback Events . | . . . . . . Feedback Blocked . | . . . . . . Robot Schematics Acquired . | . . . . . . Robots Built . | . . . . . . Authchips . | . . . . . . Time . | . . . . . . Total Robot Build Rating . | . . . . . . Part Schematics Acquired . | . . . . . . Parts Built . | . . . . . . Authchips . | . . . . . . Time . | . . . . . . Total Part Build Rating . | . . . . . . Parts Repaired . | . . . . . . Time . | . . . . . . Parts Recycled . | . . . . . . Recycled Matter . | . . . . . . Retrieved Matter . | . . . . . . Retrieved Components . | . . . . . . Parts Scanalyzed . | . . . . . . Part Schematics Acquired . | . . . . . . Parts Damaged . | . . . . . . Bothacking | -11 -10 -10 -9 -8 -8 ------------ Run | Jun Mat Min Mat Mat Gar Used RIF Installer . | . . . . . . Robots Hacked . | . . . . . . Non-combat . | . . . . . . Combat . | . . . . . . Robot Hacks Applied . | . . . . . . Relay Couplers Released . | . . . . . . Fabnet Peak Effective % . | . . . . . . Robots Rewired . | . . . . . . Allies Hacked . | . . . . . . Hacks Repelled . | . . . . . . Allies | -11 -10 -10 -9 -8 -8 -------- Run | Jun Mat Min Mat Mat Gar Total Allies . | . . . . . . Largest Group . | . . . . . . Highest-Rated Group . | . . . . . . Highest-Rated Ally . | . . . . . . Total Orders . | . . . . . . Ally Attacks . | . . . . . . Total Damage . | . . . . . . Kills . | . . . . . . Allies Corrupted . | . . . . . . Allies Melted . | . . . . . . Intel | -11 -10 -10 -9 -8 -8 ------- Run | Jun Mat Min Mat Mat Gar Robot Analysis Total . | . . . . . . Derelict Logs Recovered 1 | . . 1 . . . Drone Launches . | . . . . . . Drone Recoveries . | . . . . . . Exploration | -11 -10 -10 -9 -8 -8 ------------- Run | Jun Mat Min Mat Mat Gar Turns Passed 813 | 12 43 161 85 165 347 Spaces Moved 1630 | 25 84 304 130 385 702 Core 576 | 25 84 304 130 30 3 Treads . | . . . . . . Legs . | . . . . . . Wheels . | . . . . . . Hover 1 | . . . . 1 . Flight 1053 | . . . . 354 699 Fastest Speed 30 | 50 50 50 50 30 31 Average Speed 40 | 50 50 50 50 36 34 Slowest Speed 50 | 50 50 50 50 50 50 Overloaded Moves . | . . . . . . Propulsion Burnouts . | . . . . . . Robots Hopped 15 | . . . . 10 5 Cave-ins Triggered . | . . . . . . Exploration Rate (%) 40 | 3 20 68 22 58 73 Regions Visited 5 Branch Regions 1 Pre-discovered Areas 2 | . . 1 . 1 . Known Exits Taken 1 | . . . . 1 . Unknown Exits Taken 4 | 1 1 1 1 . . Scrap Searched 1 | . . 1 . . . Spaces Dug 116 | . . . . 22 94 Terrain Destroyed 179 | . . . 37 22 120 Melee . | . . . . . . Projectile . | . . . . . . AOE 179 | . . . 37 22 120 Terrain Rammed . | . . . . . . Walls Destroyed . | . . . . . . Machines Disabled . | . . . . . . Actions | -11 -10 -10 -9 -8 -8 --------- Run | Jun Mat Min Mat Mat Gar Total 1735 | 24 84 311 142 392 782 Wait 12 | . . . . . 12 Move 1595 | 24 83 303 129 364 692 Hop 15 | . . . . 10 5 Pick Up 5 | . 1 1 1 2 . Fast Attach 15 | . . 2 . 8 5 Attach 9 | . . . 2 3 4 Detach 5 | . . . 2 1 2 Swap 3 | . . . . 2 1 Drop 2 | . . 1 . . 1 Fire 28 | . . . 8 2 18 Melee . | . . . . . . Ram 4 | . . 4 . . . Kick . | . . . . . . Crush . | . . . . . . Escape Stasis 42 | . . . . . 42 Rewire . | . . . . . . Trap . | . . . . . . Miscellaneous . | . . . . . . Route ------- -11/Junkyard -10/Materials -10/Mines -9/Materials -8/Materials (discovered 2 exits: [*Fac] / Gar) -8/Garrison (discovered 3 exits: *Mat x3) History --------- Turn | Location | Event 3 | -11/Junkyard | Discovered new exit (range 16) 13 | -11/Junkyard | Entered Materials 49 | -10/Materials | Discovered new exit (range 14) 56 | -10/Materials | Entered Mines 59 | -10/Mines | Found the Drone Emporium 61 | -10/Mines | Found Prototype Device 61 | -10/Mines | Identified Decoy Drone Bay 72 | -10/Mines | Learned location of Recycling (-7) 116 | -10/Mines | Assembled infested the area 121 | -10/Mines | Assisted by a Guerilla fighting off Assembled 172 | -10/Mines | Core integrity fell below 50% 212 | -10/Mines | Core integrity fell below 20% 212 | -10/Mines | Discovered new exit (range 9) 215 | -10/Mines | Joined a pair of Derelicts in attacking an 0b10 outpost 217 | -10/Mines | Entered Materials 217 | -9/Materials | Evolved 2 slots: Propulsion x1, Utility x1 298 | -9/Materials | Discovered new exit (range 7) 302 | -9/Materials | Entered another Materials area 302 | -8/Materials | Evolved 2 slots: Propulsion x1, Utility x1 305 | -8/Materials | Build established: Mutant 444 | -8/Materials | Discovered new exit (range 8) 447 | -8/Materials | Core integrity fell below 50% 467 | -8/Materials | Identified exit to Garrison 467 | -8/Materials | Entered Garrison 536 | -8/Garrison | Triggered checkpoint 574 | -8/Garrison | Discovered new exit (range 14) 581 | -8/Garrison | Lost 3 parts (2n1w) 664 | -8/Garrison | Discovered new exit (range 8) 665 | -8/Garrison | Learned Materials security intel 708 | -8/Garrison | Discovered new exit (range 13) 730 | -8/Garrison | Triggered checkpoint 773 | -8/Garrison | Core integrity fell below 20% 773 | -8/Garrison | Identified exit to Materials 790 | -8/Garrison | Triggered checkpoint 795 | -8/Garrison | Lost 6 parts (1p4n1w) 814 | -8/Garrison | Destroyed by G-47 Trooper with Particle Gun Last Messages --------------- 00709_ An alarm sounds. 00720_ S-10 Pest destroyed. 00720_ Flight Unit destroyed. 00720_ Destroyed Flight Unit. 00723_ Acquired 3 matter. 00723_ Acquired 4 matter. 00724_ Acquired Flight Unit. 00725_ Flight Unit destroyed. 00730_ Beams of light sweep through the air. An alarm sounds. 00732_ Flight Unit destroyed. 00735_ Y-45 Defender destroyed. 00737_ S-10 Pest destroyed. 00744_ The unstable cave ceiling collapses. 00748_ Rocket Launcher destroyed. 00748_ Nuclear Core destroyed. 00764_ Field Propulsion Drive destroyed. 00773_ EXIT=IDENTIFIED: MATERIALS 00790_ Beams of light sweep through the air. An alarm sounds. 00801_ PCHBLBKR#FDGNHIIN0EJSF/XF2C7WKHF GC0FW 00812_ Imp. Flight Unit destroyed. Map ----- +----------------------------------------------------+ | # #??????# #????????????????????????# #?????? | | #####??????## ##????????????????????????# #####?? | | ????????????# #?????????????????????????# ### | | ????????????# #?????????????????????????##### ## | | ????????????# #?????????????????????????# #?# # | | ????????????# #?????????????????????????# #?# # | | ????????????# #?????????????????????????# ### # | | ????????????# #?????????????????######### ### | | ????????????# #?????????????????# | | ????????????# #?????????????????# | | ????????????# #?????????????????# ###### ## | | ????????????# #?????????????????# ###### ## | | ????????????# #?????????????????# # # | | ????????????# #?????????????????# ##### # # | | ????????????# #???????????####### #???# ### ### | | ????????????# #????##?????# ## #???# ??# #?? | | ????????????# ##???# ###### ## ##??# ??# #?? | | ############# ####### * ######## #?? | | ^ * #?? | | [= #?? | | ############ #######[ = ## ## ###########?? | | ???????????#####????###!* # ## #???????????? | | ????????????????????# "???????????? | | ????????????????????# "???????????? | | ????????????????????# "???????????? | | ????????????????????# @ ^ "???????????? | | ????????????????????### ## ^^## #???????????? | | ????????????########### ## ## ############# | | ????????????# ^ | | ????????????# g | | ????????????# ######## ########## # | | ????????????# #???# ### ## ######????????# # | | ????????????# #???# #?# ## #?# #?????????# # | | ??########### #???# #?# #######?# #?????????# # | | ??# #???# #?# #???# ### #?????????# # | | ??# ######### #???# ### #???# #?????????# # | | ??" #???????# #???# ## ### ##### #?????????# # | | ??" #???????# ##### ## #???# #####?????# # | | ??" #???????# ####???# ## ####??# # | | ??" #???????# # #?????# # #### | | ??# #???????# ###### # #?????# ## ## | | ??# #???????# #???# ### # #?????# # | | ??# #???????# #???# ??# ###?????# ## # ####"# | | ??# ???????# #??? ??# #???????# ### #??# # | | ???##???????# #??###??# #??????## #?# ###?# # | | ????????????# #???##### #????### +### # ### # | | ????????????# #???# #????# [ !%[ # | | ????????????# #?### ###?### =#####=# ##### | | ????????????# #?#"" ""#?# ! [ #?# ###???? | | ????????????# #?#"[ ["#?# ! [ #?# #???? | +----------------------------------------------------+ Best States ------------- Heat Dissipation 31 Energy Generation 14 Energy Capacity 240 Matter Stores 300 Matter Capacity 300 Sight Range 18 Terrain Scan Density 10 Armor Coverage 150 Evasion (%) 64 Defensive Hacking 10 Item Schematics ----------------- None Robot Schematics ------------------ None Fabricated ------------ Nothing Alien Tech Used ----------------- None Achievements -------------- None Challenges ------------ None Game ------ Seed NullPointyMediator Manual? 0 Play Time 00:10:36 Cumulative 284.8 hours Start 2023.06.09 @ 12:04:18 End 2023.06.09 @ 12:14:03 Sessions 1 Manual Loads 0 Difficulty Rogue Special Mode None Game No. 838 Rogue 838 Adventurer 0 Explorer 0 Win Type - Total 17 Types 8/0/7/2/0/0/0/0/0 Lore% 90 Gallery% 87 Achievement% 79 Wizard Run 0 Options --------- ASCII 0 Keyboard 0 Movement Numpad Keybinds 0 Fullscreen 1 Font 16/SmallcapsGlow Map View 75x55 Tactical HUD 1 Map Filters NONE Filters NONE Steam 1 RUN: f5972cf3-3cf1-463f-8541-648c355e7713